 Dungeon Crawl Stone Soup version 0.21.1-1-g345015f (webtiles) character file.

413 Monsterracer the Insei (level 6, 0/38 HPs)
             Began as an Octopode Transmuter on Apr 14, 2018.
             Slain by an orc
             ... wielding a +0 flail
              (9 damage)
             ... on level 4 of the Dungeon.
             The game lasted 00:06:16 (4881 turns).

Monsterracer the Insei (Octopode Transmuter)        Turns: 4881, Time: 00:06:16

Health: 0/38       AC:  1    Str: 10    XL:     6   Next: 90%
Magic:  9/9        EV: 13    Int: 22    God:
Gold:   195        SH:  0    Dex: 12    Spells: 0/9 levels left

rFire    . . .     SeeInvis +     - Unarmed
rCold    . . .     Gourm    .   (no shield)
rNeg     . . .     Faith    .   (helmet restricted)
rPois    .         Spirit   .   (no amulet)
rElec    .         Reflect  .   i - ring of see invisible
rCorr    .         Harm     .   k - +5 ring of intelligence
MR       .....                  (no ring)
Stlth    +++.......             (no ring)
HPRegen  0.12/turn              (no ring)
MPRegen  0.11/turn              (no ring)
                                (no ring)
                                (no ring)

@: no status effects
A: almost no armour, stealthy swim, amphibious, 8 rings, constrict 8, camouflage
1, gelatinous body 1
a: no special abilities


You were on level 4 of the Dungeon.
You were hungry.

You visited 1 branch of the dungeon, and saw 4 of its levels.

You collected 195 gold pieces.

Inventory:

Missiles
 a - 25 arrows
Armour
 b - a +0 buckler
Jewellery
 i - a ring of see invisible (left tentacle)
 k - a +5 ring of intelligence (right tentacle)
Scrolls
 d - a scroll of remove curse
 g - 3 scrolls of identify
Potions
 e - a potion of agility
 h - a potion of invisibility
 n - a potion of berserk rage {!q}
Comestibles
 c - 7 rations


   Skills:
 - Level 1.0 Fighting
 - Level 2.0 Dodging
 - Level 4.2 Stealth
 * Level 5.5 Unarmed Combat
 - Level 2.0 Spellcasting
 * Level 4.0 Transmutations
 + Level 1.1 Ice Magic


You couldn't memorise any spells.
You knew the following spells:

 Your Spells              Type           Power        Failure   Level  Hunger
a - Ice Form              Ice/Tmut       ##......     43%         4    #####..
b - Sticks to Snakes      Tmut           ###.....     3%          2    ##.....
c - Spider Form           Tmut/Pois      ##........   19%         3    ###....


Dungeon Overview and Level Annotations

Branches:
Dungeon (4/15)
 Temple: D:4-7

Altars:
Elyvilon
Fedhas
Makhleb
Okawaru

Annotations:
D:3 exclusion: oklob plant


Innate Abilities, Weirdness & Mutations

You cannot wear most types of armour.
You are very stealthy in the water. (Stealth+)
You are amphibious.
You can wear up to eight rings at the same time.
You can use your tentacles to constrict eight enemies at once.
Your skin changes colour to match your surroundings (Stealth+).
Your rubbery body absorbs attacks. (AC +1, EV +1)


Message History

The worker ant poisons you!
You take 5 damage, and have 30/38 hp.
You bludgeon the worker ant!
You kill the worker ant!
Your Ice Magic skill increases to level 1!
You feel sick.
You take 1 damage, and have 29/38 hp.
You feel sick.
You feel sick.
You feel sick.
You feel sick.
You feel sick.
You feel sick.
You feel sick.
You feel sick.
You feel sick.
You feel sick.
You are no longer poisoned.
You are feeling hungry.
You regained 6 hp, and now have 35/38 hp.
An orc wizard comes into view. It is wielding a dagger.
Health restored: 38 An orc wizard is nearby!
An orc wizard is nearby!
An orc comes into view. It is wielding a club.
Found a spear.
An orc comes into view. It is wielding a club.
The orc shouts!
You hear a shout!
The orc wizard gestures at you while chanting.
The puff of frost hits you!
The orc moves out of view.
An orc comes into view. It is wielding a flail.
You take 7 damage, and have 31/38 hp.
The orc moves out of view.
The orc shouts!
You tentacle-slap the orc wizard. Your grab misses the orc wizard.
Your squeeze misses the orc wizard.
The orc wizard is heavily wounded.
The orc wizard gestures at you while chanting.
The puff of frost misses you.
You tentacle-slap the orc wizard. You grab the orc wizard.
The orc wizard is heavily wounded.
You constrict the orc wizard, but do no damage.
The orc wizard hits you with a dagger.
You take 5 damage, and have 27/38 hp.
The orc shouts!
You tentacle-slap the orc wizard but do no damage.
The orc wizard is heavily wounded.
You constrict the orc wizard. The orc wizard hits you with a dagger.
You take 2 damage, and have 25/38 hp.
You tentacle-slap the orc wizard.
You kill the orc wizard!
Your Transmutations skill increases to level 4!
An orc comes into view. It is wielding a trident.
The orc misses you.
Things that are here:
a dagger; a robe; an orc corpse You barely miss the orc.
You grab the orc.
You constrict the orc, but do no damage.
The orc closely misses you.
You tentacle-slap the orc but do no damage.
You squeeze the orc.
The orc is moderately wounded.
You constrict the orc, but do no damage.
The orc hits you with a club.
You take 2 damage, and have 23/38 hp.
You tentacle-slap the orc. Your grab misses the orc.
Your squeeze misses the orc.
The orc is almost dead.
You constrict the orc, but do no damage.
The orc hits you with a club.
* * * LOW HITPOINT WARNING * * *
You take 4 damage, and have 19/38 hp.
You tentacle-slap the orc but do no damage.
Your grab misses the orc. You constrict the orc. The orc hits you with a club.
* * * LOW HITPOINT WARNING * * *
You take 5 damage, and have 14/38 hp.
You tentacle-slap the orc but do no damage.
You grab the orc.
You constrict the orc, but do no damage. x2
The orc misses you. The orc closely misses you.
You barely miss the orc. You grab the orc.
The orc is almost dead.
You constrict the orc, but do no damage.
You constrict the orc.
You kill the orc!
You constrict the orc.
You kill the orc!
The orc closely misses you.
You release your grip on the orc.
The orc hits you with a trident.
* * * LOW HITPOINT WARNING * * *
Things that are here:
a club; a ring mail You take 6 damage, and have 9/38 hp.
You tentacle-slap the orc but do no damage.
Your grab misses the orc.
You kill the orc!
The orc closely misses you.
You tentacle-slap the orc but do no damage.
You grab the orc. You constrict the orc. The orc hits you with a flail!
You die...

.......:....#
#...........# .....
##..?.......# .....
#..........## #....
#..#........## #...#
..###....##..####...#
.## ##.####....#...#
.# #..# #.......# ##
##.## ##...)@##
####..# #...)o)...#
##...## #.....#.)##
......## #...####.#
.......#####..## .#
.###..........# .
..###.......... #
..............
####.........#


You could see an orc.

Vanquished Creatures
  A big kobold (D:4)
  2 orc priests
  An orc wizard (D:4)
  An iguana (D:4)
  2 worker ants (D:4)
  5 adders
  3 gnolls (D:2)
  2 oozes
  2 worms (D:2)
  3 dart slugs
  2 leopard geckos (D:1)
  7 orcs
  3 ball pythons (D:3)
  4 bats
  A giant cockroach (D:1)
  8 goblins
  13 hobgoblins
  2 jackals (D:2)
  2 quokkas
  3 frilled lizards
  13 kobolds
  9 rats
89 creatures vanquished.

Vanquished Creatures (others)
  A draconian (D:1)
  An octopode (D:1)
  A vine stalker (D:1)
  An elf (D:1)
  A troll (D:1)
  2 formicids (D:1)
  A naga (D:1)
  A dwarf (D:1)
  2 ogres (D:1)
  A mummy (D:1)
  5 tentacles (D:1)
17 creatures vanquished.

Grand Total: 106 creatures vanquished

Notes
Turn   | Place    | Note
-------+----------+-------------------------------------------
     0 | D:1      | Monsterracer the Octopode Transmuter began the quest for the Orb.
     0 | D:1      | Reached XP level 1. HP: 13/13 MP: 3/3
     0 | D:1      | Noticed an ogre
     0 | D:1      | Noticed a dwarf
     0 | D:1      | Noticed a naga
     0 | D:1      | Noticed an ogre
     0 | D:1      | Noticed a formicid
     0 | D:1      | Noticed a kraken
     0 | D:1      | Noticed a vine stalker
     0 | D:1      | Noticed an octopode
     0 | D:1      | Noticed a troll
     0 | D:1      | Noticed an elf
     0 | D:1      | Noticed a formicid
     0 | D:1      | Noticed a draconian
     3 | D:1      | Killed an ogre
     5 | D:1      | Killed an octopode
     6 | D:1      | Killed an ogre
     6 | D:1      | Killed a formicid
     7 | D:1      | Killed a dwarf
     8 | D:1      | Killed a draconian
     8 | D:1      | Killed a naga
     8 | D:1      | Killed an elf
    10 | D:1      | Killed a troll
    11 | D:1      | Killed a formicid
    12 | D:1      | Killed a vine stalker
   182 | D:1      | Reached skill level 1 in Stealth
   247 | D:1      | Reached XP level 2. HP: 18/18 MP: 5/5
   344 | D:1      | Learned a level 2 spell: Sticks to Snakes
   454 | D:1      | HP: 9/18 [dart slug (2)]
   872 | D:1      | Reached XP level 3. HP: 22/23 MP: 6/6
   877 | D:1      | Learned a level 3 spell: Spider Form
  1564 | D:2      | Found an iron altar of Okawaru.
  1784 | D:2      | Reached XP level 4. HP: 19/28 MP: 3/7
  1899 | D:2      | Reached skill level 4 in Unarmed Combat
  2458 | D:2      | HP: 14/28 [worm (8)]
  2459 | D:2      | HP: 1/28 [orc priest/divine providence (13)]
  2464 | D:2      | HP: 14/28 [orc priest/nerve-wracking pain (4)]
  2467 | D:2      | Reached XP level 5. HP: 17/33 MP: 4/8
  2616 | D:2      | HP: 16/33 [orc/short sword (6)]
  2806 | D:2      | HP: 16/33 [quokka (4)]
  2971 | D:3      | HP: 6/33 [orc priest/nerve-wracking pain (13)]
  3430 | D:3      | Found a blossoming altar of Fedhas.
  3447 | D:3      | Noticed an oklob plant
  3688 | D:3      | Reached XP level 6. HP: 38/38 MP: 9/9
  3866 | D:3      | Found a white marble altar of Elyvilon.
  3866 | D:3      | Found a burning altar of Makhleb.
  4015 | D:4      | Learned a level 4 spell: Ice Form
  4046 | D:4      | Reached skill level 5 in Unarmed Combat
  4087 | D:4      | HP: 17/38 [worker ant (6)]
  4093 | D:4      | HP: 14/38 [poisoned by a worker ant]
  4098 | D:4      | HP: 12/38 [poisoned by a worker ant]
  4105 | D:4      | HP: 11/38 [poisoned by a worker ant]
  4113 | D:4      | HP: 10/38 [poisoned by a worker ant]
  4366 | D:4      | HP: 17/38 [kobold/club (4)]
  4694 | D:4      | Reached skill level 1 in Ice Magic
  4875 | D:4      | HP: 19/38 [orc/club (4)]
  4879 | D:4      | HP: 9/38 [orc/trident (6)]
  4881 | D:4      | Slain by an orc

Skill      XL: |  1  2  3  4  5  6 |
---------------+-------------------+-----
Stealth        | 1 2 3 4 |  4.2
Unarmed Combat | 4 5 |  5.5
Transmutations | 3 4 |  4.0
Ice Magic      | 1 |  1.1
Fighting       | |  1.0
Dodging        | |  2.0
Spellcasting   | |  2.0

Action                   |  1- 3 |  4- 6 || total
-------------------------+-------+-------++-------
Melee: Unarmed           |    66 |   150 ||   216
       Constrict         |    20 |    29 ||    49
       Tentacles         |    14 |    20 ||    34
       Kick              |     5 |     1 ||     6
       Punch             |       |     1 ||     1
 Cast: Beastly Appendage |     6 |     1 ||     7
       Spider Form       |     1 |     6 ||     7
  Use: Potion            |       |     3 ||     3
       Scroll            |       |     8 ||     8
 Stab: Sleeping          |     4 |    14 ||    18
       Invisible         |       |     1 ||     1
       Distracted        |       |     1 ||     1
  Eat: Chunk             |     2 |    11 ||    13
Armor: Skin              |     4 |    10 ||    14
Dodge: Dodged            |    47 |   103 ||   150

Vault maps used:
D:1:      nicolae_arrival_kraken_aquarium_a
D:2:      kennysheep_okawaru_gauntlet, minmay_misc_feat_hallway
D:3:      cheibrodos_helix_gallery, chequers_temple_overflow_statue_of_worship,
          first_ration, tgw_fedhas
D:4:      cheibrodos_thug_alley, nicolae_overflow_crystal_walls,
          lemuel_round_altar, tgw_xom, minmay_temple_entry_trees
